 Dungeon Crawl Stone Soup version 0.31-a0-716-gc7603755dd (webtiles) character file.

Game seed: 9105490845645432498

104 Essalna the Conjurer (level 4, -7/30 HPs)
             Began as a Demonspawn Conjurer on Sept 10, 2023.
             Mangled by Crazy Yiuf
             ... wielding a +4 quarterstaff of chaos
              (11 damage)
             ... on level 2 of the Dungeon.
             The game lasted 00:02:32 (1641 turns).

Essalna the Conjurer (Demonspawn Conjurer)          Turns: 1641, Time: 00:02:32

Health: -7/30      AC:  3    Str:  8    XL:     4   Next: 52%
Magic:  7/9        EV: 12    Int: 21    God:
Gold:   173        SH:  4    Dex: 11    Spells: 6/9 levels left

rFire   . . .        (no weapon)
rCold   . . .        (no shield)
rNeg    . . .        a - +0 robe
rPois   .            o - +0 helmet
rElec   .            (no cloak)
rCorr   .            (no gloves)
SInv    .            (no boots)
Will    .....        d - amulet of magic regeneration
Stlth   ++           (no ring)
HPRegen 0.25/turn    (no ring)
MPRegen 0.62/turn

%: no passive effects
@: no status effects
A: large bone plates 1, magic regeneration
a: no special abilities


You were on level 2 of the Dungeon.
You visited 1 branch of the dungeon, and saw 2 of its levels.

You collected 173 gold pieces.

Inventory:

Armour
 a - a +0 robe (worn)
 o - a +0 helmet (worn)
Jewellery
 d - an amulet of magic regeneration (around neck)
 f - a ring of flight
 k - an amulet of reflection
Wands
 m - a wand of flame (13)
Scrolls
 c - a scroll of fear {unknown}
 e - a scroll of amnesia {unknown}
 g - 2 scrolls of identify {unknown}
 h - 2 scrolls of blinking {unknown}
 j - a scroll of fog {unknown}
 l - a scroll of enchant armour {unknown}
 n - a scroll of enchant weapon {unknown}
Potions
 b - a potion of magic
 i - a potion of might {unknown}


   Skills:
 - Level 1.7 Dodging
 - Level 1.7 Stealth
 + Level 3.4 Spellcasting
 + Level 5.1 Conjurations


You had 6 spell levels left.
You knew the following spells:

 Your Spells              Type           Power      Damage    Failure   Level
a - Magic Dart            Conj           100%       1d8       1%          1
b - Searing Ray           Conj           50%        2d6       2%          2

Your spell library contained the following spells:

 Spells                   Type           Power      Damage    Failure   Level
 Dazzling Flash           Conj/Hex       28%        N/A       14%         3
 Fulminant Prism          Conj/Hex       7%         3d7       41%         4
 Iskenderun's Mystic Bla  Conj/Tloc      14%        2d5       41%         4


Dungeon Overview and Level Annotations

Branches:
Dungeon (2/15)

Altars:

Annotations:
D:2 Crazy Yiuf


Innate Abilities, Weirdness & Mutations

You are partially covered in large bone plates. (SH +4)
You regenerate magic rapidly.


Message History

The worm is heavily wounded.
The magic dart hits the worm.
The worm is heavily wounded.
The magic dart hits the worm.
The worm is almost dead.
The magic dart hits the worm but does no damage.
The worm is severely wounded.
The magic dart hits the worm.
The worm is almost dead.
The magic dart hits the worm.
You kill the worm!
You can't see any susceptible monsters within range! (Use Z to cast anyway.)
There is an open door here.
Items here: ))) ††.
There is a large open door here.
There is a large open door here.
Things that are here:
a +0 club; a +0 club
There is a large open door here.
There is a large open door here.
There is an open door here.
Found a hammer.
Found a runed translucent door.
Crazy Yiuf shouts!
You open the door.
Casting: Magic Dart (safe; 1% risk of failure)
Confirm with . or Enter, or press ? or * to list all spells.
Aiming: Searing Ray (safe; 2% risk of failure)
Press: ? - help, Shift-Dir - straight line, f - Crazy Yiuf
Aim: Crazy Yiuf, wielding a +4 quarterstaff of chaos and wearing a +1 cloak of stealth (82% to hit)
The searing ray hits Crazy Yiuf.
Crazy Yiuf is moderately wounded. (Press . to maintain the ray.) Crazy Yiuf screams, "Cake spinner aubergine!"
Crazy Yiuf hits you with a +4 quarterstaff of chaos!
Crazy Yiuf burns you.
The searing ray misses Crazy Yiuf.
Crazy Yiuf hits you with a +4 quarterstaff of chaos!
* * * LOW HITPOINT WARNING * * *
Space warps horribly around you!
You die...

#.#.... #.#.... #######
#.#.... #.....# #.#...#
##.....# ###.#..##
.......# #.....##
.#.....# ### ♣♣##....##
##.....# #)..#♣♣
♣♣.......#### #.....###
#...g@♣♣♣♣.P......##..
##.####.#
#...#♣..♣..P....###.8.
###.###..# ###
♣♣♣.♣.P....# #...
.........#
♣♣♣♣♣##..###...
.........# #...##.8.
..####...####### ######
#.#.###.. ...#
#.........###....#
#.#.# ###
...###.........#<.....#
#.#.#
......................#
#.#.##


You could see Crazy Yiuf.

Vanquished Creatures
  2 adders (D:2)
  3 gnolls (D:2)
  2 worms (D:2)
  4 orcs (D:2)
  6 endoplasms
  4 giant cockroaches
  3 goblins
  3 hobgoblins (D:1)
  A quokka (D:2)
  3 ball pythons
  6 bats
  5 frilled lizards
  3 kobolds
  A rat (D:1)
46 creatures vanquished.

Notes
Turn   | Place    | Note
-------+----------+-------------------------------------------
     0 | D:1      | Essalna the Demonspawn Conjurer began the quest for the
                  | Orb.
     0 | D:1      | Reached XP level 1. HP: 13/13 MP: 3/3
   154 | D:1      | Gained mutation: You are partially covered in large bone
                  | plates. (SH +4) [demonic ancestry]
   154 | D:1      | Reached XP level 2. HP: 19/19 MP: 3/5
  1022 | D:2      | Reached XP level 3. HP: 22/24 MP: 2/7
  1025 | D:2      | Learned a level 2 spell: Searing Ray
  1128 | D:2      | Gained mutation: You regenerate magic rapidly. [demonic
                  | ancestry]
  1128 | D:2      | Reached XP level 4. HP: 26/30 MP: 2/8
  1274 | D:2      | Reached skill level 5 in Conjurations
  1603 | D:2      | Found a runed translucent door.
  1604 | D:2      | Noticed Crazy Yiuf
  1641 | D:2      | Mangled by Crazy Yiuf

Illustrated notes

Levels and vault maps discovered:
D:1:      roderic_chinese_lattice_arrival, layout_basic, nicolae_the_louvre
D:2:      layout_rooms, wad_orctagon, uniq_crazy_yiuf_cottage

Skill      XL: |  1  2  3  4 |
---------------+-------------+-----
Spellcasting   | 3 |  3.4
Conjurations   | 5 |  5.1
Dodging        | |  1.7
Stealth        | |  1.7

Action                     |  1- 3 |  4- 6 || total
---------------------------+-------+-------++-------
   Cast: Magic Dart        |    67 |    31 ||    98
         Searing Ray       |     2 |     2 ||     4
 Armour: Robe              |    11 |     6 ||    17
  Dodge: Dodged            |    10 |     4 ||    14
  Block: Other             |     2 |       ||     2

Table legend: (Time is in decaauts)
 A = Elapsed time spent in this place.
 B = Non-inter-level travel time spent in this place.
 C = Inter-level travel time spent in this place.
 D = Time resting spent in this place.
 E = Time spent auto-exploring this place.
 F = Levels seen in this place.
 G = Mean time per level.
                   A        B        C        D        E       F      G
               +--------+--------+--------+--------+--------+-----+--------+
         Total |   1640 |   1601 |     39 |      0 |   1397 |   2 |  820.0 |
       Dungeon |   1640 |   1601 |     39 |      0 |   1397 |   2 |  820.0 |
               +--------+--------+--------+--------+--------+-----+--------+

Top non-repeatable levels by time:
     D:1: 938 daAuts
     D:2: 702 daAuts
